Map: Orbital Shipyard

Players

MorN - Winner!

  • Race: Terran Terran
  • League: Master

PraetorFenix

  • Race: Protoss Protoss
  • League: Grandmaster

VOD

Have the link to the VOD?

Description

Time

  • Played on: Jan. 10, 2016, 6:42 p.m.
  • Length: 15:37
Show
View Real Time Build Order
Export as new Build Order

MorN Terran - Winner!

Build Orders: Reaper Expand, MMM Bio 

Get SALT Encoding   

  12  0:00  SCV  
  13  0:13  SCV  
  14  0:17  Supply Depot  
  14  0:25  SCV  
  15  0:39  SCV  
  15  0:41  Barracks  
  16  0:44  Refinery  
  16  0:51  SCV  
  17  1:03  SCV  
  18  1:15  SCV  
  19  1:30  Reaper, Orbital Command  
  20  1:42  Refinery  
  20  1:48  Command Center  
  20  1:56  SCV  
  21  2:09  Barracks Reactor  
  21  2:10  SCV  
  21  2:11  Supply Depot  
  22  2:22  Barracks  
  22  2:25  Barracks  
  22  2:28  SCV  
  22  2:40  SCV  
  22  2:43  Bunker  
  23  2:45  Marine  
  23  2:46  Marine  
  25  2:52  SCV  
  26  3:00  Orbital Command  
  26  3:03  Marine x2  
  28  3:11  Barracks Tech Lab  
  28  3:13  Refinery  
  28  3:18  Factory  
  28  3:22  Marine x3  
  31  3:32  Stimpack, Marine  
  32  3:39  SCV x2  
  32  3:40  Marine  
  35  3:47  Marine x2  
  37  3:51  Supply Depot  
  37  3:52  Marine  
  37  3:55  SCV x2  
  40  3:58  Marine  
  40  4:02  Starport  
  41  4:03  Factory Reactor  
  41  4:07  SCV  
  41  4:09  Engineering Bay  
  42  4:19  SCV  
  42  4:22  Marine x3  
  46  4:30  SCV  
  47  4:33  SCV  
  49  4:40  Marine  
  49  4:42  Missile Turret  
  50  4:46  Missile Turret  
  50  4:47  SCV  
  50  4:48  SCV  
  50  4:51  Medivac  
  54  4:59  Supply Depot  
  54  5:03  SCV  
  54  5:05  Supply Depot  
  54  5:14  SCV, Medivac  
  54  5:15  Supply Depot, Widow Mine, Marine x2  
  54  5:18  Liberator  
  54  5:20  Marine x2  
  63  5:23  Supply Depot  
  63  5:27  SCV  
  64  5:29  SCV  
  64  5:32  Combat Shields  
  68  5:37  Supply Depot, Marine x2  
  68  5:39  SCV  
  71  5:53  SCV x2  
  73  6:00  Command Center, Marine x2  
  75  6:05  SCV, Refinery  
  75  6:07  Refinery  
  75  6:18  SCV, Marine  
  75  6:19  Marine x3  
  79  6:28  SCV  
  80  6:36  Marine x3  
  80  6:37  Marauder  
  80  6:54  Marine x3  
  80  6:56  SCV, Medivac x2  
  80  6:57  Factory Reactor  
  80  6:59  Marauder  
  86  7:11  SCV  
  86  7:12  Marine x2  
  90  7:16  Engineering Bay  
  90  7:19  Orbital Command  
  90  7:20  Barracks Tech Lab  
  89  7:25  SCV x2, Barracks  
  89  7:27  Barracks  
  91  7:35  Widow Mine x2, Medivac x2  
  99  7:37  SCV  
  99  7:42  SCV  
  101  7:47  Orbital Command  
  101  7:49  Terran Infantry Weapons Level 1, SCV, Terran Infantry Armor Level 1  
  102  7:52  Supply Depot  
  102  7:54  SCV  
  102  7:56  Marine x3  
  102  7:57  Concussive Shells  
  108  7:58  Marauder  
  108  8:01  SCV, Missile Turret  
  109  8:07  SCV  
  110  8:14  Marine  
  110  8:15  Marine, Marauder  
  110  8:16  Barracks Reactor, Barracks Tech Lab  
  116  8:20  Marauder  
  113  8:32  Marine  
  113  8:33  Marine  
  109  8:39  Marine x2  
  109  8:40  Marine  
  106  8:42  Widow Mine  
  106  8:43  Medivac x2  
  106  8:45  SCV x3  
  110  8:49  Marine  
  110  8:50  Marine  
  109  8:57  SCV, Marauder, Marine  
  109  8:58  Marine  
  109  8:59  Marine  
  109  9:00  Liberator x2, Widow Mine, Marine  
  110  9:06  SCV x2, Barracks  
  110  9:07  Marine  
  110  9:08  Armory, Refinery, Marine  
  110  9:09  Barracks  
  114  9:10  Refinery  
  114  9:15  Marauder  
  114  9:16  Marine  
  117  9:17  Marine  
  117  9:20  SCV, Barracks  
  117  9:22  Supply Depot  
  125  9:26  Marauder  
  125  9:29  SCV  
  125  9:30  SCV  
  129  9:32  SCV  
  129  9:34  Command Center  
  129  9:35  Starport  
  130  9:39  Marine x3  
  130  9:44  SCV x2, Marine x2, Marauder  
  130  9:45  Widow Mine  
  139  9:49  Supply Depot  
  141  9:54  Liberator  
  141  9:57  Supply Depot  
  141  9:59  Terran Infantry Weapons Level 2  
  141  10:00  Terran Infantry Armor Level 2  
  141  10:11  SCV, Marauder, Marine  
  148  10:16  SCV  
  148  10:18  Supply Depot, Barracks Tech Lab, Marine x3  
  148  10:19  Barracks Reactor, Barracks Tech Lab  
  148  10:20  Barracks Reactor  
  148  10:21  Widow Mine x2  
  152  10:22  Starport Tech Lab  
  152  10:24  Marine  
  152  10:26  Liberator  
  157  10:28  Liberator  
  157  10:39  Marine x4  
  157  10:40  Supply Depot, Marine  
  157  10:41  Terran Vehicle And Ship Armor Level 1  
  162  10:43  Liberator  
  168  10:58  Marauder x2  
  168  11:03  Ghost Academy  
  174  11:05  Fusion Core  
  174  11:09  Liberator  
  174  11:14  Widow Mine  
  174  11:17  Liberator  
  176  11:32  Marauder, Marine  
  180  11:33  Missile Turret, Marine x2  
  180  11:34  Marauder  
  180  11:38  Missile Turret  
  180  11:39  Missile Turret, Liberator  
  185  11:41  Marine x2  
  185  11:43  Marine  
  185  11:45  Supply Depot  
  188  11:54  Marine  
  188  11:55  Marauder  
  188  11:56  Marauder x2  
  188  11:59  Marine x2  
  188  12:00  Marauder  
  169  12:04  Marine x2  
  169  12:06  Marine  
  135  12:11  Marine x2  
  135  12:12  Marine  
  135  12:14  Medivac  
  130  12:16  Marauder  
  130  12:17  Marauder, Medivac  
  130  12:18  Marine x2, Marauder  
  130  12:19  Terran Infantry Weapons Level 3  
  130  12:21  Marine  
  130  12:22  Terran Infantry Armor Level 3  
  136  12:28  Marine x2  
  138  12:32  Refinery  
  138  12:33  Planetary Fortress, Refinery  
  138  12:38  Marauder  
  138  12:43  Advanced Ballistics  
  140  12:46  Liberator  
  140  12:48  Marine x7  
  140  12:49  Marauder  
  149  12:58  Widow Mine x2  
  149  12:59  Liberator  
  149  13:00  Liberator  
  149  13:02  Marine x3  
  159  13:08  Supply Depot  
  165  13:23  Marauder, Marine x2  
  165  13:26  Widow Mine x2  
  173  13:36  Marine x2  
  173  13:38  Marine x2  
  177  13:43  Liberator  
  177  13:45  Command Center  
  177  13:46  Medivac  
  179  13:55  Widow Mine x2  
  179  13:59  Medivac  
  188  14:03  Marine  
  188  14:04  Marauder x2, Marine x4  
  188  14:05  Marauder  
  198  14:23  Widow Mine  
  191  14:59  Marine x2  
  157  15:08  Marine x2  
  157  15:09  Marauder  
  157  15:10  Marine x2  
  157  15:11  Marauder  
  141  15:16  Marine x3  
  141  15:17  Marine x2  
Show
View Real Time Build Order
Export as new Build Order

PraetorFenix Protoss 

Build Orders: 1 Gate Expand 

Get SALT Encoding   

  12  0:01  Probe (Chrono Boost)  
  13  0:12  Probe (Chrono Boost)  
  14  0:19  Pylon  
  14  0:22  Probe (Chrono Boost)  
  15  0:37  Probe (Chrono Boost)  
  15  0:38  Gateway  
  16  0:46  Assimilator  
  16  0:48  Probe (Chrono Boost)  
  17  0:58  Probe (Chrono Boost)  
  18  1:09  Probe (Chrono Boost)  
  19  1:22  Nexus  
  19  1:32  Cybernetics Core  
  19  1:37  Probe (Chrono Boost)  
  20  1:47  Probe (Chrono Boost)  
  20  1:49  Pylon  
  21  1:58  Probe (Chrono Boost)  
  22  2:09  Adept (Chrono Boost)  
  22  2:12  Mothership Core (Chrono Boost), Assimilator  
  26  2:31  Probe  
  27  2:38  Probe, Adept (Chrono Boost)  
  27  2:43  Probe  
  31  2:48  Probe  
  32  2:55  Probe, Warp Gate  
  33  2:59  Probe  
  33  3:02  Adept (Chrono Boost)  
  36  3:07  Probe  
  37  3:15  Probe  
  37  3:17  Stargate  
  38  3:29  Probe  
  38  3:30  Probe  
  40  3:40  Sentry (Chrono Boost)  
  42  3:42  Probe  
  43  3:50  Nexus  
  43  3:55  Gateway x2  
  43  3:57  Pylon  
  43  4:00  Probe  
  43  4:01  Probe, Pylon  
  45  4:11  Probe (Chrono Boost)  
  45  4:15  Probe (Chrono Boost), Oracle  
  51  4:25  Probe (Chrono Boost)  
  51  4:36  Probe (Chrono Boost)  
  52  4:39  Assimilator  
  52  4:41  Assimilator  
  52  4:42  Probe (Chrono Boost)  
  53  4:47  Probe (Chrono Boost)  
  53  4:50  Oracle  
  58  4:53  Probe (Chrono Boost)  
  58  4:57  Probe (Chrono Boost), Adept  
  61  5:03  Adept x2  
  61  5:05  Probe (Chrono Boost)  
  66  5:10  Probe (Chrono Boost), Robotics Facility  
  66  5:13  Pylon  
  67  5:14  Pylon  
  67  5:25  Probe x2 (Chrono Boost)  
  67  5:26  Probe (Chrono Boost), Phoenix  
  72  5:28  Pylon  
  72  5:32  Gateway  
  72  5:33  Gateway  
  72  5:36  Probe (Chrono Boost)  
  72  5:37  Probe x2 (Chrono Boost)  
  75  5:44  Gateway  
  75  5:46  Gateway  
  75  5:48  Twilight Council  
  75  5:53  Forge  
  75  5:55  Probe x2 (Chrono Boost)  
  75  5:56  Probe (Chrono Boost)  
  78  6:06  Probe x3 (Chrono Boost)  
  81  6:16  Probe (Chrono Boost)  
  82  6:20  Immortal  
  82  6:21  Phoenix  
  88  6:36  Adept x4  
  90  6:45  Adept x3  
  90  6:46  Phoenix  
  83  7:07  Probe (Chrono Boost)  
  83  7:08  Probe (Chrono Boost)  
  83  7:11  Phoenix  
  85  7:26  Pylon  
  85  7:27  Protoss Ground Weapons Level 1  
  85  7:28  Pylon  
  85  7:30  Pylon  
  85  7:32  Pylon  
  85  7:40  Assimilator  
  85  7:41  Resonating Glaives  
  85  7:43  Phoenix  
  85  7:44  Immortal, Probe x2 (Chrono Boost)  
  93  7:46  Probe (Chrono Boost)  
  93  7:47  Assimilator  
  93  7:48  Robotics Facility  
  94  7:54  Probe x2 (Chrono Boost), Pylon  
  94  7:55  Pylon  
  94  7:57  Probe (Chrono Boost), Pylon  
  97  7:59  Pylon  
  97  8:06  Adept x3  
  97  8:08  Phoenix  
  105  8:16  Adept x2  
  105  8:17  Adept x2  
  109  8:32  Adept x3  
  105  8:46  Adept x4  
  107  8:59  Probe x3 (Chrono Boost)  
  110  9:04  Immortal  
  110  9:07  Immortal  
  110  9:08  Sentry x2  
  110  9:09  Probe (Chrono Boost)  
  125  9:10  Probe x2 (Chrono Boost)  
  125  9:20  Probe x3 (Chrono Boost)  
  128  9:25  Phoenix (Chrono Boost)  
  128  9:27  Templar Archives  
  128  9:30  Probe x2 (Chrono Boost)  
  132  9:41  Probe x2  
  132  9:43  Nexus  
  132  9:45  Mothership Core, Immortal  
  134  9:46  Pylon  
  134  9:47  Pylon  
  134  9:49  Phoenix (Chrono Boost)  
  134  9:50  Pylon  
  142  9:53  Immortal  
  142  9:57  Protoss Ground Weapons Level 2  
  146  10:01  Forge  
  146  10:03  Probe  
  146  10:04  Assimilator  
  146  10:06  Probe  
  147  10:10  Assimilator  
  148  10:16  Void Ray (Chrono Boost)  
  152  10:26  Psionic Storm  
  152  10:29  Probe x2  
  152  10:30  Probe  
  152  10:35  Immortal x2  
  159  10:38  Protoss Ground Armor Level 1  
  163  10:48  Photon Cannon, High Templar  
  165  10:50  Photon Cannon  
  165  10:52  Zealot  
  167  11:05  Zealot x5  
  167  11:10  Charge  
  177  11:13  High Templar  
  177  11:14  Observer  
  177  11:17  Warp Prism  
  182  11:28  Gateway  
  178  11:44  Nexus  
  130  12:01  Adept x2  
  130  12:02  Adept x5  
  95  12:24  Immortal  
  95  12:26  High Templar  
  95  12:27  High Templar x2  
  95  12:28  Immortal  
  109  12:34  High Templar x4  
  117  12:40  Phoenix (Chrono Boost)  
  119  12:48  Gateway  
  119  12:53  Probe  
  120  13:01  Zealot x4  
  120  13:03  Immortal  
  128  13:08  Immortal  
  128  13:12  Phoenix (Chrono Boost)  
  138  13:17  Mothership Core  
  140  13:28  Probe  
  140  13:29  Probe x2  
  140  13:32  Zealot x4  
  151  13:38  Probe x2  
  153  13:50  Immortal  
  153  13:52  High Templar x2  
  161  13:56  Adept x2, Archon  
  161  13:58  Probe  
  166  14:05  Phoenix (Chrono Boost)  
  168  14:12  Probe  
  169  14:26  Zealot  
  119  15:00  Adept x6  
  119  15:01  Adept, Zealot x2  
  93  15:22  Adept, High Templar x2  
  93  15:23  Adept x5  
  93  15:24  Adept  
Tags
 
Add a new tag
Caveats
  • Supply blocks, unpowered buildings, or Contaminate may cause inaccurate times.
  • Supply counts are checked every 10 seconds.